 Dungeon Crawl Stone Soup version 0.31.0-4-g52a2dc7128 (webtiles) character file.

Game seed: 7553400113118920200

2724301 DarkMedievalTimes the Intangible (level 27, 273/273 HPs)
             Began as a Demigod Alchemist on Jan 22, 2024.
             Escaped with the Orb
             ... and 5 runes!
             The game lasted 06:58:45 (91414 turns).

DarkMedievalTimes the Intangible (DgAl)            Turns: 91414, Time: 06:58:46

Health: 273/273    AC: 18    Str: 11    XL:     27
Magic:  44/44      EV: 60    Int: 38    God:
Gold:   6413       SH: 13    Dex: 41    Spells: 4/50 levels left

rFire   + + +        a - +9 double sword (chaos)
rCold   + + +        I - +3 buckler {AC+3}
rNeg    + . .        t - +4 skin of Zhor {*Englaciate rC+++ SInv}
rPois   +            T - +2 helmet {Int+3}
rElec   +            y - scarf {rC+ rF+}
rCorr   +            x - +0 pair of gloves of Ting {Will+ Int+3}
SInv    +            j - +2 pair of boots of Gozag's Respect {rCorr Stlth+}
Will    ++++.        J - amulet "Wina" {Spirit rElec}
Stlth   +++          P - ring "Cutropne" {rF+ EV+5 Str+3}
HPRegen 0.65/turn    F - ring of Wyot {rPois rF+ rN+ Int+3 SInv}
MPRegen 0.29/turn

%: clarity, guardian spirit
@: studying Polearms
A: high MP 1, forlorn, divine attributes, iridescent scales 1, clarity, clever
1, deterioration 1, strong-willed 1, evolution 1, inability to drink after
injury 2
0: Orb of Zot
}: 5/15 runes: barnacled, slimy, silver, abyssal, gossamer
a: no special abilities


You escaped.
You visited 12 branches of the dungeon, and saw 56 of its levels.
You visited the Abyss 3 times.
You also visited: Bailey, Gauntlet, Ice Cave and Desolation.

You collected 10743 gold pieces.
You spent 4330 gold pieces at shops.

Inventory:

Hand Weapons
 a - a +9 double sword of chaos (weapon)
 b - a +4 eudemon blade of holy wrath
 w - a +2 vampiric dagger
Missiles
 W - 18 curare-tipped darts (quivered)
 Z - 3 throwing nets
Armour
 j - the +2 pair of boots of Gozag's Respect (worn) {rCorr Stlth+}
   (You found it on level 2 of the Elven Halls)

   rCorr:     It protects you from acid and corrosion.
   Stlth+:    It makes you more stealthy.
 t - the +4 skin of Zhor (worn) {*Englaciate rC+++ SInv}
   (You found it in an ice cave)

   *Englaciate: It radiates cold, occasionally slowing all nearby creatures who
   are not resistant to cold.
   rC+++:     It renders you almost immune to cold.
   SInv:      It lets you see invisible.
 x - the +0 pair of gloves of Ting (worn) {Will+ Int+3}
   (You found it on level 1 of the Vaults)

   Int+3:     It affects your intelligence (+3).
   Will+:     It increases your willpower.
 y - a scarf of resistance (worn)
 I - a +3 buckler of protection (worn)
 T - a +2 helmet of intelligence (worn)
Jewellery
 f - a ring of willpower
 m - the ring of the Empty Page {Fly rN+ Str+6}
   (You found it in the Desolation of Salt)

   [ring of strength]

   Str+6:     It affects your strength (+6).
   rN+:       It protects you from negative energy.
   Fly:       It grants you flight.
 B - the amulet "Wiruqo Iczu" {RegenMP rPois Dex+3}
   (You took it off a deep elf demonologist on level 3 of the Elven Halls)

   [amulet of magic regeneration]

   RegenMP:   It increases your rate of magic regeneration.
   Dex+3:     It affects your dexterity (+3).
   rPois:     It protects you from poison
 C - an amulet of regeneration
 F - the ring of Wyot (right hand) {rPois rF+ rN+ Int+3 SInv}
   (You bought it in a shop on level 4 of the Depths)

   [ring of poison resistance]

   Int+3:     It affects your intelligence (+3).
   rF+:       It protects you from fire.
   rPois:     It protects you from poison rN+: It protects you from negative
   energy.
   SInv:      It lets you see invisible.
 G - a +6 ring of dexterity
 J - the amulet "Wina" (around neck) {Spirit rElec}
   (You found it on level 5 of the Pits of Slime)

   [amulet of guardian spirit]

   Spirit:    It causes incoming damage to be divided between your reserves of
   health and magic.
   rElec:     It insulates you from electricity.
 P - the ring "Cutropne" (left hand) {rF+ EV+5 Str+3}
   (You found it in a Gauntlet)

   [ring of evasion]

   EV+5:      It affects your evasion (+5).
   Str+3:     It affects your strength (+3).
   rF+:       It protects you from fire.
Wands
 M - a wand of iceblast (69)
 O - a wand of paralysis (52)
 V - a wand of digging (27)
 X - a wand of light (26)
Scrolls
 c - 16 scrolls of teleportation
 e - 10 scrolls of fear
 i - 6 scrolls of vulnerability
 n - 7 scrolls of butterflies
 u - 4 scrolls of fog
 A - 6 scrolls of poison
 D - 11 scrolls of revelation
 E - 7 scrolls of blinking
 H - 2 scrolls of silence
 K - 6 scrolls of immolation
Potions
 d - 7 potions of mutation
 g - 18 potions of curing
 h - 6 potions of lignification
 k - 5 potions of enlightenment
 l - 2 potions of cancellation
 o - 11 potions of attraction
 p - 9 potions of haste
 q - a potion of resistance
 r - 11 potions of heal wounds
 s - 3 potions of magic
 z - 11 potions of brilliance
 N - 5 potions of berserk rage
 R - 4 potions of invisibility
 U - 3 potions of ambrosia
 Y - 5 potions of might
Miscellaneous
 v - a phantom mirror
 L - a sack of spiders
 Q - a phial of floods
 S - a condenser vane


   Skills:
 O Level 27 Fighting
 + Level 17.9 Long Blades
 O Level 27 Dodging
 - Level 12.0 Stealth
 + Level 7.8 Shields
 - Level 12.0 Spellcasting
 - Level 5.0 Conjurations
 - Level 4.0 Hexes
 + Level 7.8 Translocations
 - Level 4.0 Fire Magic
 - Level 11.0 Ice Magic
 - Level 5.0 Air Magic
 - Level 2.0 Earth Magic
 - Level 12.0 Alchemy
 - Level 6.0 Evocations


You had 4 spell levels left.
You knew the following spells:

 Your Spells              Type           Power      Damage    Failure   Level
a - Ozocubu's Armour      Ice            82%        N/A       1%          3
b - Mercury Vapours       Alch/Air       100%       N/A       1%          2
c - Mephitic Cloud        Conj/Alch/Air  68%        N/A       1%          3
d - Olgreb's Toxic Radia  Alch           85%        N/A       1%          4
e - Passwall              Erth           38%        N/A       2%          3
f - Eringya's Noxious Bo  Alch           42%        4d6       2%          6
g - Sculpt Simulacrum     Ice/Alch       41%        N/A       3%          6
h - Apportation           Tloc           100%       N/A       1%          1
i - Blink                 Tloc           100%       N/A       1%          2
j - Freezing Cloud        Conj/Ice/Air   33%        6-21      3%          5
k - Yara's Violent Unrav  Hex/Alch       35%        3d14      2%          5
l - Lesser Beckoning      Tloc           100%       N/A       1%          2
m - Manifold Assault      Tloc           70%        N/A       1%          4

Your spell library contained the following spells:

 Spells                   Type           Power      Damage    Failure   Level
 Foxfire                  Conj/Fire      100%       2x1d9     1%          1
 Kiss of Death            Conj/Necr      100%       2d13      1%          1
 Magic Dart               Conj           100%       1d8       1%          1
 Sandblast                Erth           76%        2d16      1%          1
 Shock                    Conj/Air       100%       1d9       1%          1
 Slow                     Hex            100%       N/A       1%          1
 Sting                    Conj/Alch      100%       1d9       1%          1
 Cigotuvi's Dreadful Rot  Necr/Alch/Air  100%       N/A       1%          2
 Ensorcelled Hibernation  Hex/Ice        100%       N/A       1%          2
 Jinxbite                 Hex            100%       N/A       1%          2
 Momentum Strike          Conj/Tloc      100%       3d10      1%          2
 Scorch                   Fire           100%       2d9       1%          2
 Static Discharge         Conj/Air       100%       3-8/arc   1%          2
 Confusing Touch          Hex            52%        N/A       1%          3
 Dazzling Flash           Conj/Hex       100%       N/A       1%          3
 Gell's Gravitas          Tloc           70%        N/A       1%          3
 Hailstorm                Conj/Ice       70%        3d12      1%          3
 Inner Flame              Hex/Fire       52%        N/A       1%          3
 Sigil of Binding         Hex            52%        N/A       1%          3
 Stone Arrow              Conj/Erth      98%        3d13      1%          3
 Summon Ice Beast         Ice/Summ       59%        N/A       1%          3
 Swiftness                Air            57%        N/A       1%          3
 Teleport Other           Tloc           70%        N/A       1%          3
 Tukima's Dance           Hex            52%        N/A       1%          3
 Volatile Blastmotes      Fire/Tloc      100%       2d18      1%          3
 Dimensional Bullseye     Hex/Tloc       30%        N/A       1%          4
 Fulminant Prism          Conj/Alch      36%        3d17      1%          4
 Iskenderun's Mystic Bla  Conj/Tloc      64%        2d13      1%          4
 Leda's Liquefaction      Alch/Erth      33%        N/A       1%          4
 Passage of Golubria      Tloc           70%        N/A       1%          4
 Petrify                  Alch/Erth      66%        N/A       1%          4
 Sticky Flame             Fire/Alch      70%        2d11      1%          4
 Vhi's Electric Charge    Tloc/Air       100%       N/A       1%          4
 Necrotise                Necr           88%        1d8       2%          1
 Summon Small Mammal      Summ           88%        N/A       2%          1
 Airstrike                Air            28%        2d(5-21)  2%          4
 Call Imp                 Summ           44%        N/A       3%          2
 Sublimation of Blood     Necr           22%        N/A       3%          2
 Flame Wave               Conj/Fire      54%        2d13      3%          4
 Brom's Barrelling Bould  Conj/Erth      49%        2d7       4%          4
 Cause Fear               Hex            26%        N/A       4%          4
 Call Canine Familiar     Summ           22%        N/A       6%          3
 Fugue of the Fallen      Necr           22%        N/A       6%          3
 Vampiric Draining        Necr           22%        2d7       6%          3
 Summon Lightning Spire   Summ/Air       41%        N/A       8%          4
 Anguish                  Hex/Necr       19%        N/A       10%         4
 Summon Blazeheart Golem  Fire/Summ      38%        N/A       10%         4
 Animate Armour           Summ/Erth      60%        N/A       14%         4
 Animate Dead             Necr           22%        N/A       22%         4
 Dispel Undead            Necr           22%        3d12      22%         4
 Martyr's Knell           Necr/Summ      22%        N/A       22%         4
 Alistair's Intoxication  Alch           56%        N/A       1%          5
 Irradiate                Conj/Alch      36%        3d23      1%          5
 Metabolic Englaciation   Hex/Ice        34%        N/A       2%          5
 Fireball                 Conj/Fire      27%        3d12      10%         5
 Silence                  Hex/Air        27%        N/A       10%         5
 Summon Forest            Summ/Tloc      25%        N/A       12%         5
 Dispersal                Tloc           35%        N/A       13%         6
 Ozocubu's Refrigeration  Ice            41%        4d16      21%         7
 Lee's Rapid Deconstruct  Erth           19%        3d11*     26%         5
 Summon Mana Viper        Hex/Summ       38%        N/A       26%         5
 Borgnjor's Vile Clutch   Necr/Erth      15%        N/A       36%         5
 Plasma Beam              Fire/Air       27%        2x1d39    45%         6
 Starburst                Conj/Fire      27%        6d9       45%         6
 Curse of Agony           Necr           22%        N/A       52%         5
 Bombard                  Conj/Erth      24%        9d5       61%         6
 Orb of Destruction       Conj           28%        9d9       93%         7
 Death Channel            Necr           11%        N/A       97%         6
 Summon Cactus Giant      Summ           11%        N/A       97%         6
 Enfeeble                 Hex            26%        N/A       98%         7
 Malign Gateway           Summ/Tloc      25%        N/A       98%         7
 Disjunction              Tloc           35%        N/A       99%         8
 Haunt                    Necr/Summ      11%        N/A       100%        7
 Spellforged Servitor     Conj/Summ      20%        N/A       100%        7
 Summon Hydra             Summ           11%        N/A       100%        7
 Borgnjor's Revivificati  Necr           11%        N/A       100%        8
 Ignition                 Fire           26%        3d9       100%        8
 Lehudib's Crystal Spear  Conj/Erth      24%        10d7      100%        8
 Maxwell's Capacitive Co  Air            28%        ∞         100%        8
 Summon Horrible Things   Summ           11%        N/A       100%        8
 Polar Vortex             Ice            41%        12d5*     100%        9


Dungeon Overview and Level Annotations

Branches:
Dungeon (15/15)            Temple (1/1) D:4            Lair (5/5) D:9
 Shoals (4/4) Lair:3       Spider (4/4) Lair:3        Slime (5/5) Lair:4
    Orc (2/2) D:10            Elf (3/3) Orc:2        Vaults (5/5) D:13
  Crypt (3/3) Vaults:3       Tomb (0/3) Crypt:3      Depths (4/4) D:15
    Zot (5/5) Depths:4     Bailey (visited)           IceCv (visited)
Desolation (visited)      Gauntlet (visited)

Shops:
D:9 [   D:10 *   Orc:2 *[*::   Elf:3 (   Shoals:2 (![!:   Vaults:1 :
Depths:4 =:=

Portals:
Hell: Depths:1 Depths:2 Depths:3 Depths:4
Abyss: Depths:1 Depths:3
Pandemonium: Depths:2 Depths:4
Ziggurat: Depths:4

Annotations:
Depths:1 1 runed translucent door
Zot:5 exclusion: door


Innate Abilities, Weirdness & Mutations

You have an increased reservoir of magic. (+10% MP)
You shall have no god before yourself.
Your divine heritage dramatically boosts your attributes as you level up.
You are partially covered in iridescent scales. (AC +2)
You possess an exceptional clarity of mind.
Your mind is acute. (Int +4, Str/Dex -1)
Your body sometimes deteriorates upon taking damage.
You are strong-willed. (Will+)
You have hidden genetic potential.
You sometimes lose the ability to drink potions when taking damage.


Message History

You kill the hell beast!
HP restored.
Magic restored.
A reaper comes into view. It is wielding a +1 scythe of venom.
You radiate an aura of cold.
The reaper is unaffected.
You block the reaper's attack. The reaper completely misses you.
You hit the reaper but do no damage. You hit the reaper but do no damage.
You block the reaper's attack.
You closely miss the reaper. You block the reaper's attack.
You hit the reaper.
The reaper falls asleep!
The reaper is lightly wounded.
You hit the reaper but do no damage.
The acid corrodes the reaper!
The reaper is lightly wounded.
The reaper completely misses you.
You barely miss the reaper.
The reaper is lightly wounded.
The reaper misses you.
You slice the reaper!!
The reaper is moderately wounded.
You slice the reaper!! You freeze the reaper.
The reaper is almost dead.
The reaper misses you.
You closely miss the reaper.
The reaper is almost dead.
You block the reaper's attack.
You hit the reaper. You burn the reaper.
The reaper is almost dead.
The reaper misses you.
You hit the reaper.
You kill the reaper!
No target in view!
No target in view!
No target in view!
You see here a +0 dagger.
There is a stone staircase leading up here.
You climb upwards.
There is a stone staircase leading down here.
You see here a +0 leather armour.
There is a staircase leading out of the dungeon here.
You have escaped!

###.##.####.##### #.#
######.....#G#### #.#
##...#.....#GGG## #.#
##.8.#.....#.8G## #.#
##...#.....#..[## #.###
######.....#.##### #....
#................# #####
#................##
##.......@.........#
#................#.#######
#.................#.......
#.#####.....######.#######
#.#...#..[..#...#....#####
#.#.8.#.....#.8.#.........
#.#...#.....#...##.#.#####
#.#####.....#####....#####
#.#####.#.........#....)..


You could see 5 golden eyes.

Vanquished Creatures
  the Royal Jelly (Slime:5)
  6 orbs of fire
  A dread lich (Vaults:4)
  5 ancient liches
  Josephina (Zot:3)
  A pandemonium lord (Depths:3)
  2 Killer Klowns
  5 curse toes
  A profane servitor (Crypt:3)
  7 golden dragons
  2 shard shrike zombies (Crypt:3)
  3 Tzitzimimeh
  7 bone dragons
  3 electric golems
  A Brimstone Fiend (Abyss:3)
  Jorgrun (Orc:1)
  A walking crystal tome (Depths:2)
  16 tentacled monstrosities
  28 Orb Guardians
  7 liches
  5 quicksilver dragons
  4 titans (Vaults:5)
  Asterion (Depths:2)
  2 Executioners
  2 deep elf master archers (Elf:3)
  6 sphinxes
  31 acid blobs
  14 death cobs
  A kraken (Shoals:3)
  11 tentacled starspawn
  Gastronok (Lair:3)
  Polyphemus (Shoals:3)
  3 deep elf blademasters (Elf:3)
  2 ancient champions (Crypt:1)
  The ghost of Polaczum the Brawler, an adept TrMo of Nemelex Xobeh (Depths:1)
  11 storm dragons
  Agnes (Elf:1)
  18 shadow dragons
  10 tengu reavers
  4 protean progenitors
  7 draconian knights
  12 rockslimes
  12 azure jellies
  Ilsuiw (Shoals:2)
  10 draconian monks
  3 daevas
  5 iron dragons
  3 revenants
  3 emperor scorpions
  14 fire giants
  5 deep elf sorcerers
  21 vault wardens
  3 imperial myrmidons (Desolation)
  3 deep elf elementalists
  10 ghost moths
  11 frost giants
  2 balrugs
  14 ghouls
  3 draconian scorchers
  2 angels
  6 curse skulls
  8 draconian shifters
  3 cacodemons
  An orc warlord (Vaults:1)
  7 draconian stormcallers
  4 reapers
  18 ironbound preservers
  8 quicksilver oozes
  2 broodmothers
  2 spriggan defenders (Depths:4)
  7 formless jellyfish
  27 very ugly things
  4 draconian annihilators
  4 ironbound thunderhulks
  23 stone giants
  A vampire knight (Depths:2)
  9 deep elf demonologists
  4 black draconians
  10 green draconians
  7 deep elf annihilators
  5 deep elf death magi
  6 purple draconians
  4 dire elephants
  15 red draconians
  Azrael (Spider:1)
  A lorocyproca (D:15)
  7 white draconians
  5 spark wasps
  16 yellow draconians
  A minotaur (Gauntlet)
  2 war gargoyles
  7 merfolk javelineers
  15 ettins
  2 crystal guardians (Desolation)
  3 entropy weavers
  2 blizzard demons
  8 jiangshi
  11 fire dragons
  13 eidola
  A mummy priest (Crypt:3)
  A shambling mangrove (Abyss:3)
  6 deep elf high priests
  12 merfolk impalers
  2 ragged hierophants
  18 yaktaur captains
  16 ice dragons
  A rakshasa (Abyss:3)
  A caustic shrike simulacrum (Crypt:2)
  A fenstrider witch zombie (Crypt:1)
  Erolcha (D:11)
  Fannar (Orc:1)
  10 great orbs of eyes
  3 spriggan zombies
  41 vault guards
  2 ogre magi (Vaults:5)
  7 spriggan air magi
  A spriggan skeleton (Crypt:2)
  8 peacekeepers
  2 merfolk avatars (Shoals:2)
  4 radroaches
  2 ghost crabs (Abyss:3)
  5 death knights
  3 servants of whispers (Desolation)
  An anaconda (shapeshifter) (Vaults:4)
  2 hell beasts
  4 merfolk aquamancers
  6 hydras
  A jorogumo (Spider:4)
  14 ironbound frosthearts
  5 catoblepae
  2 satyrs
  Erica (D:11)
  3 alligator snapping turtles
  10 centaur warriors
  8 boulder beetles
  6 vampire magi
  8 demonic crawlers
  2 tengu warriors (Depths:1)
  10 deep troll earth magi
  10 deep troll shamans
  A hell hog (Depths:1)
  2 orc high priests
  6 two-headed ogres
  17 dancing weapons
  9 death yaks
  4 spriggan berserkers
  2 soul eaters
  6 thrashing horrors
  13 hell knights
  Sonja (D:11)
  2 sun demons (Abyss:2)
  2 titan zombies
  10 wretched stars
  9 iron trolls
  4 skysharks
  The ghost of unrecovered the Nimble, a novice DrSh of Makhleb (D:7)
  Amaemon (D:10)
  5 sixfirhies
  A fire crab (Abyss:3)
  3 shadow wraiths
  5 flayed ghosts
  42 skeletal warriors
  7 deep elf knights
  9 pharaoh ants
  A quicksilver dragon simulacrum (Zot:3)
  2 spatial maelstroms
  5 sea snakes
  66 deep trolls
  5 orb spiders
  3 glowing orange brains
  An orange crystal statue (IceCv)
  A swamp dragon (shapeshifter) (Vaults:1)
  A golden dragon zombie (Depths:2)
  2 bunyip skeletons
  12 deep elf archers
  9 arcanists
  4 cherubim (Shoals:4)
  23 ironbound convokers
  2 anaconda zombies
  2 sun moths (Spider:3)
  5 steelbarb worms
  8 harpies
  A broodmother zombie (Crypt:1)
  17 phantasmal warriors
  5 orc knights
  A sun moth (shapeshifter) (Vaults:5)
  34 ugly things
  7 necromancers
  13 lindwurms
  An eleionoma zombie (Crypt:1)
  2 oklob plants (Zot:4)
  4 orc sorcerers
  19 deep elf pyromancers
  18 deep elf zephyrmancers
  4 stone giant zombies
  An iron dragon zombie (Crypt:3)
  A cyclops (shapeshifter) (Depths:2)
  24 wolf spiders
  14 fauns
  A shadow dragon skeleton (Depths:2)
  A manticore (shapeshifter) (Vaults:5)
  A will-o-the-wisp (Abyss:3)
  4 shining eyes
  11 cyclopes
  A shock serpent zombie (Crypt:1)
  7 worldbinders
  28 moths of wrath
  9 manticores
  4 kobold blastminers
  2 meliai (Spider:4)
  8 black mambas
  A water nymph (shapeshifter) (Vaults:5)
  5 elephants (Lair:3)
  26 large abominations
  4 apocalypse crabs
  2 centaur zombies
  17 vault sentinels
  5 guardian serpents (Desolation)
  2 naga zombies (Crypt:3)
  11 merfolk sirens
  An eye of devastation (shapeshifter) (Depths:2)
  5 water nymphs
  4 orange demons
  2 rust devils
  2 gargoyles
  6 torpor snails
  11 smoke demons
  A storm dragon simulacrum (Zot:3)
  3 unseen horrors
  15 rime drakes
  5 eyes of devastation
  10 cane toads
  An elephant slug zombie (Crypt:2)
  2 unseen horrors (shapeshifter)
  3 kobold demonologists (D:11)
  2 tormentors
  4 efreet
  5 komodo dragons
  4 tengu conjurers
  15 freezing wraiths
  25 yaktaurs
  A minotaur skeleton (Crypt:2)
  A red devil (Depths:3)
  A troll (shapeshifter) (Elf:1)
  11 ancient zymes
  A yaktaur skeleton (Vaults:2)
  2 guardian mummies (Crypt:3)
  7 hellwings
  An ice devil (Abyss:3)
  2 harpy zombies
  12 merfolk
  2 tyrant leeches (Zot:1)
  Prince Ribbit (D:5)
  5 trolls
  2 shadow dragon simulacra (Zot:3)
  19 tarantellas
  4 wind drakes
  12 polar bears
  A tengu simulacrum (Vaults:2)
  7 hornets
  2 glass eyes
  42 saltlings
  22 blink frogs
  20 raiju
  5 snapping turtles
  17 dream sheep
  A jumping spider (shapeshifter) (Vaults:4)
  34 jumping spiders
  94 slime creatures
  13 wyverns
  Sigmund (D:3)
  16 culicivoras
  A yak (shapeshifter) (Elf:1)
  20 wraiths
  6 ynoxinuls
  2 vampires (D:14)
  13 water elementals
  20 fire elementals
  16 spriggans
  3 shadows
  44 yaks
  4 fire bats (Abyss:1)
  7 neqoxecs
  A basilisk (shapeshifter) (Vaults:1)
  11 basilisks
  2 wargs
  A golden eye (Slime:5)
  72 redbacks
  A steam dragon (D:7)
  9 vampire mosquitoes
  Menkaure (D:4)
  3 harpy simulacra
  3 chaos spawn
  2 glowing shapeshifter zombies
  Duvessa (D:4)
  3 acid dragons
  A hydra simulacrum (Abyss:3)
  A yellow draconian simulacrum (Zot:3)
  16 water moccasins
  A glowing shapeshifter skeleton (Depths:2)
  A manticore zombie (Crypt:1)
  A faun skeleton (Crypt:1)
  12 hell hounds
  46 orc warriors
  45 laughing skulls
  6 black bears
  11 ogres
  5 boggarts
  30 small abominations
  43 wolves
  25 centaurs
  4 phantoms
  A snapping turtle skeleton (Crypt:1)
  2 kobold brigands
  13 bullfrogs
  3 weeping skulls
  2 brain worms (Abyss:3)
  2 human zombies
  A komodo dragon zombie (Crypt:1)
  An elf skeleton (Crypt:1)
  A rime drake skeleton (Crypt:1)
  An earth elemental (Elf:2)
  3 scorpions
  A human skeleton (Vaults:2)
  16 necrophages
  9 wyvern skeletons (Crypt:3)
  4 wights
  A hornet simulacrum (D:15)
  Dowan (D:4)
  6 killer bees (D:7)
  6 electric eels
  6 howler monkeys
  6 orc priests
  A bombardier beetle (D:4)
  4 hounds
  A quasit (Abyss:3)
  A gnoll bouda (Lair:3)
  2 iron imps
  22 jellies
  A sleepcap (D:7)
  48 starcursed masses
  3 iguanas
  18 orc wizards
  12 hell rats
  A deep dwarf zombie (Crypt:2)
  An ogre skeleton (Crypt:2)
  A mummy (Crypt:3)
  6 gnolls
  10 adders
  A shadow imp (D:7)
  5 white imps
  8 ufetubi
  An adder skeleton (Crypt:2)
  2 ribbon worms
  70 orcs
  6 ball pythons
  6 endoplasms
  3 giant cockroaches
  12 goblins
  7 hobgoblins
  16 jackals
  2 quokkas
  3 bats
  6 frilled lizards
  24 kobolds
  4 rats
  6 starspawn tentacles
  4 tentacles
2906 creatures vanquished.

Vanquished Creatures (collateral kills)
  2 Killer Klowns (Zot:5)
  Norris (Elf:3)
  Mlioglotl (Spider:1)
  An Orb Guardian (Zot:5)
  A deep elf blademaster (Elf:2)
  A kraken (Shoals:3)
  A tengu reaver (D:14)
  The ghost of Colgate the Martial Artist, an adept DjBe of Trog (D:13)
  An emperor scorpion (Spider:4)
  A draconian stormcaller (Zot:5)
  The ghost of Cicylist the Cleaver, a journeyman FoFi of Okawaru (D:14)
  A purple draconian (Zot:5)
  A spark wasp (Spider:4)
  Snorg (D:13)
  A deep elf high priest (Vaults:5)
  An ice dragon (D:14)
  A radroach (Spider:4)
  2 centaur warriors (D:13)
  A demonic crawler (Spider:4)
  7 dancing weapons (Elf:2)
  2 deep elf knights (Elf:2)
  A skyshark (Elf:3)
  7 harpies
  2 deep elf pyromancers (Elf:2)
  4 ugly things
  A deep elf zephyrmancer (Elf:2)
  3 shining eyes (Slime:4)
  4 wolf spiders
  A manticore (D:13)
  A smoke demon (Abyss:3)
  A cane toad (shapeshifter) (D:14)
  A merfolk (Shoals:2)
  A troll (D:13)
  2 polar bears (IceCv)
  2 tarantellas (Spider:4)
  A meliai zombie (D:13)
  A slime creature (Slime:4)
  A jumping spider (Spider:4)
  2 culicivoras
  A redback (Spider:4)
  A laughing skull (D:14)
  2 centaurs (D:13)
  2 jellies (Zot:4)
  2 tentacles (Shoals:3)
74 creatures vanquished.

Vanquished Creatures (others)
  A tentacled monstrosity (Zot:2)
  A storm dragon (Zot:5)
  A kraken (Abyss:3)
  A deep elf high priest (Vaults:5)
  A deep elf knight (Elf:2)
  A fire crab (Abyss:3)
  An ugly thing zombie (Vaults:4)
  A draconian zombie (Zot:4)
  A merfolk (Shoals:2)
  A polar bear (IceCv)
  2 hornets (Abyss:3)
  A moth of wrath zombie (Zot:2)
  2 raiju
  A small abomination (Abyss:3)
  A chaos spawn (Abyss:3)
  2 centaurs (D:15)
  2 orc wizards
  2 jelly zombies (Zot:4)
  2 orcs (Orc:2)
  21 fulminant prisms
  A lurking horror (Abyss:4)
  21 starspawn tentacles
  13 tentacles
81 creatures vanquished.

Grand Total: 3061 creatures vanquished

Notes
Turn   | Place    | Note
-------+----------+-------------------------------------------
     0 | D:1      | DarkMedievalTimes the Demigod Alchemist began the quest for
                  | the Orb.
     0 | D:1      | Reached XP level 1. HP: 14/14 MP: 5/5
   122 | D:1      | Reached skill level 1 in Conjurations
   400 | D:1      | Reached XP level 2. HP: 18/22 MP: 1/7
   685 | D:1      | Reached skill level 1 in Fighting
   740 | D:1      | Learned a level 2 spell: Mercury Vapours
  1154 | D:2      | Reached XP level 3. HP: 28/28 MP: 5/8
  1183 | D:2      | Learned a level 3 spell: Mephitic Cloud
  1856 | D:3      | Reached XP level 4. HP: 35/35 MP: 4/10
  2330 | D:3      | Noticed a centaur
  2363 | D:3      | Noticed Sigmund
  2368 | D:3      | Killed a centaur
  2369 | D:3      | Reached skill level 1 in Air Magic
  2369 | D:3      | Reached XP level 5. HP: 42/42 MP: 1/11
  2382 | D:3      | Killed Sigmund
  2383 | D:3      | Reached XP level 6. HP: 43/50 MP: 2/13
  2799 | D:3      | Learned a level 4 spell: Olgreb's Toxic Radiance
  3165 | D:4      | Noticed Menkaure
  3373 | D:4      | Noticed Dowan
  3389 | D:4      | Noticed Duvessa
  3409 | D:4      | Killed Duvessa
  3410 | D:4      | Reached XP level 7. HP: 57/57 MP: 4/15
  3531 | D:4      | Killed Dowan
  3846 | D:4      | Killed Menkaure
  4429 | D:4      | Found a staircase to the Ecumenical Temple.
  4438 | Temple   | Entered the Ecumenical Temple
  4478 | D:5      | Entered Level 5 of the Dungeon
  4688 | D:5      | Reached XP level 8. HP: 56/66 MP: 6/17
  4858 | D:5      | Reached skill level 1 in Long Blades
  4975 | D:5      | Noticed Prince Ribbit
  4987 | D:5      | Killed Prince Ribbit
  4988 | D:5      | Reached skill level 5 in Alchemy
  5312 | D:5      | Learned a level 4 spell: Sticky Flame
  5811 | D:6      | Reached skill level 1 in Fire Magic
  5928 | D:6      | Found the +7 Kryia's mail coat {PotionHeal*2 rC+}
  6004 | D:6      | Reached skill level 5 in Fighting
  6434 | D:6      | Reached skill level 5 in Spellcasting
  6434 | D:6      | Reached XP level 9. HP: 68/74 MP: 18/20
  6439 | D:6      | Learned a level 4 spell: Fulminant Prism
  8504 | D:7      | Reached XP level 10. HP: 83/83 MP: 16/22
  8650 | D:7      | Found a large runed translucent door.
  8650 | D:7      | Found a large runed translucent door.
  8651 | D:7      | Noticed unrecovered's ghost (novice DrSh)
  8700 | D:8      | Identified the ring "Qer Xuck" {rC+ Will- Int+3 Dex+3 SInv}
  8876 | D:8      | Noticed a two-headed ogre
  8893 | D:8      | Killed a two-headed ogre
  8894 | D:8      | Reached skill level 5 in Long Blades
  8894 | D:8      | Reached skill level 5 in Dodging
  8991 | D:8      | Found a flagged portal.
  9106 | Bailey   | Entered a bailey
 10481 | D:9      | Reached skill level 1 in Shields
 10544 | D:9      | Noticed a two-headed ogre
 10609 | D:9      | Found Curuosoar's Armour Shop.
 10702 | D:9      | Killed a two-headed ogre
 11213 | D:9      | Noticed a deep elf pyromancer
 11222 | D:9      | Killed a deep elf pyromancer
 11367 | D:9      | Found a staircase to the Lair.
 11496 | D:10     | Entered Level 10 of the Dungeon
 11567 | D:10     | Reached XP level 11. HP: 66/94 MP: 18/24
 11599 | D:10     | Found Fobaos's Assorted Antiques.
 11614 | D:10     | Bought a scroll labelled REMY PUTHRI for 20 gold pieces
 11614 | D:10     | Bought 2 scrolls labelled XYRIWONARIU for 40 gold pieces
 11867 | D:10     | Noticed Amaemon
 11888 | D:10     | Killed Amaemon
 12040 | D:10     | Noticed a centaur warrior
 12050 | D:10     | Killed a centaur warrior
 12223 | D:10     | Found a staircase to the Orcish Mines.
 12389 | D:11     | Found a gate leading to a gauntlet.
 12533 | D:11     | Noticed a hell knight
 12574 | D:11     | Killed a hell knight
 12631 | Gauntlet | Entered a Gauntlet
 12631 | Gauntlet | Noticed a fire crab
 12631 | Gauntlet | Found a transporter.
 12631 | Gauntlet | Found a transporter.
 12642 | Gauntlet | Noticed a catoblepas
 12643 | Gauntlet | Found a transporter.
 12643 | Gauntlet | Found a transporter.
 12646 | Gauntlet | Found a transporter.
 12650 | Gauntlet | Found a runed translucent door.
 12652 | Gauntlet | Found a runed translucent door.
 12658 | Gauntlet | Found a transporter.
 12658 | Gauntlet | Found a transporter.
 12659 | Gauntlet | Found a transporter.
 12661 | Gauntlet | Found a transporter.
 12663 | Gauntlet | Noticed a thrashing horror
 12673 | Gauntlet | Found a transporter.
 12677 | Gauntlet | Found a transporter.
 12740 | Gauntlet | Found a transporter.
 12784 | Gauntlet | Noticed a wretched star
 12962 | Gauntlet | Killed a catoblepas
 13095 | Gauntlet | Reached skill level 10 in Fighting
 13175 | Gauntlet | Identified the ring "Cutropne" {rF+ EV+5 Str+3}
 13182 | Gauntlet | Killed a thrashing horror
 13331 | Gauntlet | Identified the +4 chain mail of Miliud Vosm {Regen+}
 13331 | Gauntlet | Noticed a minotaur
 13344 | Gauntlet | Killed a minotaur
 13499 | Gauntlet | Identified the +3 troll leather armour "Oselar" {+Inv
                  | Regen+ Str+4 Int+2}
 13508 | Gauntlet | Got the Directory of Overcast Snow
 13600 | D:11     | Noticed a two-headed ogre
 13608 | D:11     | Killed a two-headed ogre
 13613 | D:11     | Noticed Erica
 13626 | D:11     | Killed Erica
 13781 | D:11     | Noticed Erolcha
 13802 | D:11     | Killed Erolcha
 13842 | D:11     | Reached XP level 12. HP: 110/110 MP: 11/26
 14021 | D:11     | Noticed Sonja
 14195 | D:11     | Killed Sonja
 15292 | Lair:1   | Entered Level 1 of the Lair of Beasts
 15831 | Lair:1   | Reached skill level 1 in Evocations
 15864 | Lair:1   | Noticed a boulder beetle
 15881 | Lair:1   | Killed a boulder beetle
 16628 | Lair:2   | Noticed an eight-headed hydra
 16638 | Lair:2   | Killed a five-headed hydra
 16755 | Lair:2   | Reached skill level 10 in Long Blades
 16766 | Lair:2   | Reached XP level 13. HP: 122/122 MP: 21/27
 17140 | Lair:3   | Reached XP level 14. HP: 129/129 MP: 28/28
 17141 | Lair:3   | Reached skill level 10 in Dodging
 17141 | Lair:3   | Reached XP level 15. HP: 137/137 MP: 30/30
 17233 | Lair:3   | Noticed Gastronok
 17249 | Lair:3   | Killed Gastronok
 17359 | Lair:3   | Identified the +5 ring mail of Sophism {Regen+}
 17471 | Lair:3   | Found a staircase to the Shoals.
 17661 | Lair:3   | Found a hole to the Spider Nest.
 18177 | Lair:4   | Found a staircase to the Slime Pits.
 19026 | Lair:5   | Entered Level 5 of the Lair of Beasts
 19650 | Lair:5   | Paralysed by a hornet for 1 turns
 21337 | D:7      | Killed unrecovered's ghost
 21355 | D:7      | Learned a level 3 spell: Ozocubu's Armour
 21362 | D:7      | Learned a level 6 spell: Sculpt Simulacrum
 22105 | D:11     | Reached skill level 1 in Ice Magic
 22752 | D:13     | Reached XP level 16. HP: 147/147 MP: 24/31
 23232 | D:13     | Found a gate to the Vaults.
 23291 | D:13     | Found a runed translucent gate.
 23291 | D:13     | Found a runed translucent gate.
 23291 | D:13     | Found a runed translucent gate.
 23291 | D:13     | Noticed Colgate's ghost (adept DjBe)
 23319 | D:13     | Killed Colgate's ghost
 23493 | D:13     | Noticed Snorg
 24104 | D:13     | Killed Snorg
 24922 | D:14     | Reached skill level 15 in Fighting
 25117 | D:14     | Found a transporter.
 25120 | D:14     | Noticed Cicylist's ghost (journeyman FoFi)
 25127 | D:14     | Found a transporter.
 25479 | D:14     | Killed Cicylist's ghost
 26032 | D:15     | Entered Level 15 of the Dungeon
 26064 | D:15     | Reached skill level 5 in Ice Magic
 26546 | D:15     | Found a staircase to the Depths.
 27431 | Orc:1    | Entered Level 1 of the Orcish Mines
 27577 | Orc:1    | Noticed Fannar
 27589 | Orc:1    | Killed Fannar
 27732 | Orc:1    | Noticed Jorgrun
 27752 | Orc:1    | Killed Jorgrun
 28056 | Orc:2    | Entered Level 2 of the Orcish Mines
 28146 | Orc:2    | Found a staircase to the Elven Halls.
 28638 | Orc:2    | Found Mitusk's Vocational Training.
 28745 | Orc:2    | Found Vuvismof's Antique Armour Boutique.
 28745 | Orc:2    | Found Heps's General Store.
 28747 | Orc:2    | Found Cameanio's Book Shoppe.
 28749 | Orc:2    | Found Tanyoq's Assorted Antiques.
 28761 | Orc:2    | Bought a scroll of revelation for 135 gold pieces
 28761 | Orc:2    | Bought a runed leather armour for 90 gold pieces
 28764 | Orc:2    | Bought 2 scrolls of fear for 144 gold pieces
 28994 | Orc:2    | Bought an ancient ring mail for 270 gold pieces
 28994 | Orc:2    | Identified the +0 ring mail of the Transparent Snail
                  | {Str+8} (You bought it in a shop on level 2 of the Orcish
                  | Mines)
 29211 | Spider:1 | Entered Level 1 of the Spider Nest
 29245 | Spider:1 | Noticed Azrael
 29271 | Spider:1 | Killed Azrael
 29444 | Spider:1 | Noticed Mlioglotl
 29462 | Spider:1 | Killed Mlioglotl
 29850 | Spider:1 | Got the Precepts of Companions
 29982 | Spider:1 | Reached XP level 17. HP: 156/156 MP: 27/32
 31095 | Spider:2 | Learned a level 1 spell: Apportation
 31306 | Spider:2 | Identified the beast talisman of Loss {Int+6 Dex+5 Stlth-}
 32851 | Spider:3 | Reached skill level 10 in Alchemy
 33205 | Spider:3 | Reached skill level 15 in Dodging
 33697 | Spider:4 | Entered Level 4 of the Spider Nest
 33831 | Spider:4 | Found a glacial archway.
 34123 | IceCv    | Entered an ice cave
 34269 | IceCv    | Reached skill level 1 in Translocations
 35301 | IceCv    | Found the +4 skin of Zhor {*Englaciate rC+++ SInv}
 35795 | Spider:4 | Reached skill level 10 in Ice Magic
 35795 | Spider:4 | Reached XP level 18. HP: 45/166 MP: 3/34
 37286 | Spider:4 | Got a gossamer rune of Zot
 37468 | Shoals:1 | Entered Level 1 of the Shoals
 38770 | Shoals:2 | Found Uthras's Distillery.
 38773 | Shoals:2 | Found Aroalol's Armour Boutique.
 38778 | Shoals:2 | Bought a potion of heal wounds for 55 gold pieces
 38782 | Shoals:2 | Bought a +2 leather armour of willpower for 323 gold pieces
 38844 | Shoals:2 | Found Xoffyg's Weapon Boutique.
 39002 | Shoals:2 | Noticed Ilsuiw
 39048 | Shoals:2 | Killed Ilsuiw
 39186 | Shoals:2 | Found Qeplumn's Distillery.
 39192 | Shoals:2 | Identified the ring "Osasum" {Fly rC+ Str-5 Int+5 Stlth+}
 39198 | Shoals:2 | Found Feugo's Book Emporium.
 39205 | Shoals:2 | Bought a potion of experience for 700 gold pieces
 39205 | Shoals:2 | Reached XP level 19. HP: 177/177 MP: 36/36
 39223 | Shoals:2 | Bought a book of Minor Magic for 304 gold pieces
 39226 | Shoals:2 | Learned a level 2 spell: Blink
 40499 | Shoals:3 | Noticed Polyphemus
 40528 | Shoals:3 | Killed Polyphemus
 41323 | Shoals:4 | Entered Level 4 of the Shoals
 41796 | Shoals:4 | Identified the +1 falchion of Moderation {drain, rPois
                  | Str+2 Stlth-}
 43788 | Shoals:4 | Got a barnacled rune of Zot
 44053 | Vaults:1 | Entered Level 1 of the Vaults
 44420 | Vaults:1 | Reached XP level 20. HP: 172/187 MP: 29/37
 44577 | Vaults:1 | Reached skill level 5 in Stealth
 45408 | Vaults:1 | Identified the +0 pair of gloves of Ting {Will+ Int+3}
 46013 | Vaults:1 | Found Zusmoxeg's Book Emporium.
 46669 | Elf:1    | Entered Level 1 of the Elven Halls
 46847 | Elf:1    | Found a crumbling gateway.
 46895 | Desolati | Entered the Desolation of Salt
 47673 | Desolati | Identified the +0 robe "Ifaso" {+Blink}
 47702 | Desolati | Got Bistuec's Elucidation of Enchanting Resurrection
 47725 | Desolati | Identified the +4 hand axe "Icron" {drain, *Rage rCorr
                  | Int+5 SInv}
 47922 | Desolati | Identified the ring of the Empty Page {Fly rN+ Str+6}
 47961 | Desolati | Got the Anthology of the Cumulonimbus
 47973 | Desolati | Learned a level 5 spell: Freezing Cloud
 48042 | Desolati | Identified the +0 helmet of Honesty {rC++}
 48123 | Desolati | Identified the +0 scale mail of Ukouza Tily {Regen+ Str+2}
 48924 | Elf:1    | Noticed Agnes
 48933 | Elf:1    | Killed Agnes
 49884 | Elf:2    | Found a runed translucent gate.
 49885 | Elf:2    | Found a runed translucent gate.
 49885 | Elf:2    | Found a runed translucent gate.
 50317 | Elf:2    | Identified the +2 pair of boots of Gozag's Respect {rCorr
                  | Stlth+}
 50479 | Elf:2    | Reached skill level 5 in Air Magic
 51130 | Elf:3    | Entered Level 3 of the Elven Halls
 51225 | Elf:3    | Noticed Norris
 51247 | Elf:3    | Killed Norris
 51251 | Elf:3    | Reached XP level 21. HP: 179/191 MP: 8/38
 51720 | Elf:3    | Identified the +0 leather armour of the Komodo Dragon
                  | {Str+2 Dex-5 Slay+5}
 51733 | Elf:3    | Found Jingufeo's Weapon Emporium.
 52104 | Elf:3    | Identified the ring "Nemaoq" {rF+ rN+ Int-2 SInv}
 52141 | Elf:3    | HP: 2/200 [deep elf elementalist/blast of rock fragments
                  | (28)]
 52341 | Elf:3    | Reached skill level 5 in Conjurations
 52602 | Elf:3    | Identified the +3 plate armour of Asis {rC- rN+ Slay+3
                  | SInv}
 52609 | Elf:3    | Identified the +2 leather armour "Magon" {rElec Will-
                  | Str+2}
 52610 | Elf:3    | Identified the amulet "Wiruqo Iczu" {RegenMP rPois Dex+3}
 52862 | Elf:3    | Got Sif Muna's Handbook of the Volcano
 52885 | Elf:3    | Identified the +5 arbalest of the Mauling Ancients {freeze,
                  | rElec rN+ Will+ Int+3}
 52892 | Elf:3    | Identified the +2 helmet "Dax Calu" {Will++ Slay-3}
 52899 | Elf:3    | Got the Elucidation of Fulmination and Firn
 52958 | Elf:3    | Identified the +3 pair of boots of the Armadillo {*Corrode
                  | Str+4}
 52978 | Elf:3    | Identified the +1 dagger of Defence by Offence {drain, rF+
                  | Will++}
 53887 | Elf:3    | Found Jingufeo's Weapon Emporium.
 55975 | Vaults:2 | Identified the +6 spear of Arrival {flame, Int+3}
 56319 | Vaults:3 | Reached skill level 5 in Shields
 57411 | Vaults:3 | Found a staircase to the Crypt.
 58025 | Vaults:4 | Reached XP level 22. HP: 211/211 MP: 39/39
 58083 | Vaults:4 | Reached skill level 15 in Long Blades
 58678 | Vaults:1 | Bought a Fen Folio for 840 gold pieces
 58811 | D:12     | Learned a level 6 spell: Eringya's Noxious Bog
 58978 | Crypt:1  | Entered Level 1 of the Crypt
 61821 | Crypt:3  | Entered Level 3 of the Crypt
 62579 | Crypt:3  | Found a staircase to the Tomb.
 63471 | Crypt:3  | Reached skill level 5 in Translocations
 63684 | Crypt:3  | Reached skill level 10 in Spellcasting
 64059 | Crypt:3  | Got Cigotuvi's Discursus on Nocuous Left-Handed Liturgies
 64066 | Crypt:3  | Identified the +1 great mace "Wystrueto" {holy, rElec rF+++
                  | rCorr Str-5}
 64725 | Crypt:3  | Reached XP level 23. HP: 221/221 MP: 37/42
 64982 | Depths:1 | Entered Level 1 of the Depths
 64991 | D:15     | Learned a level 5 spell: Yara's Violent Unravelling
 65229 | Depths:1 | Found a runed translucent door.
 65248 | Depths:1 | Reached skill level 1 in Hexes
 65648 | Shoals:2 | Bought a book of Geomancy for 570 gold pieces
 66077 | Orc:2    | Bought a scroll of amnesia for 60 gold pieces
 66299 | Depths:1 | Learned a level 3 spell: Passwall
 66421 | Depths:1 | Reached skill level 1 in Earth Magic
 66554 | Depths:1 | Found a one-way gate to the infinite horrors of the Abyss.
 66858 | Depths:1 | Found a runed translucent gate.
 66858 | Depths:1 | Found a runed translucent gate.
 66858 | Depths:1 | Found a runed translucent gate.
 66859 | Depths:1 | Noticed Polaczum's ghost (adept TrMo)
 66883 | Depths:1 | Found a gateway to Hell.
 67432 | Depths:1 | Killed Polaczum's ghost
 67479 | Depths:1 | Identified the amulet of Leink {Reflect rN++ Int+4 Dex-2
                  | SH+5}
 67541 | Depths:2 | Noticed Asterion
 67550 | Depths:2 | Killed Asterion
 68666 | Depths:2 | Found a one-way gate leading to the halls of Pandemonium.
 70358 | Depths:4 | Entered Level 4 of the Depths
 70708 | Depths:4 | Reached XP level 24. HP: 197/233 MP: 43/43
 70964 | Depths:4 | Found Awni's Book Emporium.
 70965 | Depths:4 | Found Vuzxu's Jewellery Shop.
 70965 | Depths:4 | Found Ighy's Jewellery Shop.
 70991 | Depths:4 | Bought the ring of Wyot {rPois rF+ rN+ Int+3 SInv} for 779
                  | gold pieces
 71148 | Depths:4 | Reached skill level 5 in Evocations
 71188 | Depths:4 | Gained mutation: You sometimes lose your temper in combat.
                  | [a cacodemon]
 71661 | Depths:4 | Found a one-way gateway to a ziggurat.
 71723 | Depths:4 | Found a gate to the Realm of Zot.
 72022 | Depths:4 | Learned a level 2 spell: Lesser Beckoning
 73534 | Vaults:5 | Entered Level 5 of the Vaults
 73617 | Vaults:4 | Lost mutation: You sometimes lose your temper in combat.
                  | [potion of mutation]
 73617 | Vaults:4 | Gained mutation: You expend magic power (3 MP) to
                  | strengthen your wands. [potion of mutation]
 73617 | Vaults:4 | Gained mutation: You are dopey. (Int -2) [potion of
                  | mutation]
 73617 | Vaults:4 | Gained mutation: You have a pair of small antennae on your
                  | head. [potion of mutation]
 73618 | Vaults:4 | Lost mutation: You are dopey. (Int -2) [potion of mutation]
 73618 | Vaults:4 | Lost mutation: You expend magic power (3 MP) to strengthen
                  | your wands. [potion of mutation]
 73618 | Vaults:4 | Lost mutation: You have a pair of small antennae on your
                  | head. [potion of mutation]
 73618 | Vaults:4 | Gained mutation: You are agile. (Dex +4, Str/Int -1)
                  | [potion of mutation]
 73826 | Vaults:5 | Noticed a dread lich
 73957 | Vaults:4 | Killed a dread lich
 74189 | Vaults:5 | Got a silver rune of Zot
 74296 | Vaults:5 | Noticed an ancient lich
 74316 | Vaults:5 | Killed an ancient lich
 74636 | Vaults:5 | Identified the +0 scale mail of Lusupibe {Int+3}
 74643 | Vaults:5 | Identified the +1 scimitar of Timellos {flame, Will++}
 74906 | Vaults:5 | Identified the +3 ring mail "Efanouf" {Str+4 Slay+3}
 74920 | Vaults:5 | Noticed an ancient lich
 74922 | Vaults:5 | Identified the +5 battleaxe of Prudence {venom, Will+ MP+9}
 74927 | Vaults:5 | Killed an ancient lich
 75141 | Vaults:5 | Identified the +7 plate armour of Prudence {Str+4 SInv}
 75198 | Vaults:5 | Identified the staff of the Original Sin {rPois Int+2
                  | Alchemy}
 75366 | Vaults:5 | Got the Compendium of Skeletons and the Voyage
 75376 | Vaults:5 | Identified the +3 whip of Mordant Gallantry {elec, Str+4}
 75489 | Vaults:5 | Identified the +0 plate armour of Vuititt {rF+ Will+ Int-3
                  | Dex+2}
 75546 | Vaults:5 | Identified a scroll of acquirement
 75571 | Vaults:5 | Acquired 1021 gold pieces
 75739 | Vaults:5 | Identified the ring of the Platytaur {rF+ AC+4}
 76149 | Depths:1 | Voluntarily entered the Abyss.
 76921 | Depths:1 | Escaped the Abyss
 76966 | Depths:1 | Voluntarily entered the Abyss.
 76980 | Abyss:2  | Reached XP level 25. HP: 242/245 MP: 43/43
 77307 | Abyss:3  | Paralysed by accursed screaming for 1 turns
 77345 | Depths:1 | Escaped the Abyss
 77626 | Depths:1 | Voluntarily entered the Abyss.
 78849 | Abyss:3  | Paralysed by accursed screaming for 1 turns
 78854 | Abyss:3  | Paralysed by accursed screaming for 1 turns
 78899 | Abyss:3  | Got an abyssal rune of Zot
 79108 | Abyss:4  | Gained mutation: You sometimes lose your temper in combat.
                  | [a neqoxec]
 79162 | Abyss:4  | Lost mutation: You sometimes lose your temper in combat.
                  | [potion of mutation]
 79162 | Abyss:4  | Lost mutation: You are agile. (Dex +4, Str/Int -1) [potion
                  | of mutation]
 79162 | Abyss:4  | Gained mutation: Your body sometimes deteriorates upon
                  | taking damage. [potion of mutation]
 79162 | Abyss:4  | Gained mutation: You do not regenerate when monsters are
                  | visible. [potion of mutation]
 79162 | Abyss:4  | Lost mutation: Your body sometimes deteriorates upon taking
                  | damage. [potion of mutation]
 79233 | Abyss:4  | Reached skill level 10 in Stealth
 79242 | Depths:1 | Escaped the Abyss
 79377 | Depths:1 | Lost mutation: You do not regenerate when monsters are
                  | visible. [potion of mutation]
 79377 | Depths:1 | Gained mutation: You are clumsy. (Dex -2) [potion of
                  | mutation]
 79377 | Depths:1 | Lost mutation: You are clumsy. (Dex -2) [potion of
                  | mutation]
 79377 | Depths:1 | Gained mutation: You occasionally lose the ability to drink
                  | potions when taking damage. [potion of mutation]
 79377 | Depths:1 | Gained mutation: Your spells are a little harder to cast,
                  | but a little more powerful. [potion of mutation]
 79378 | Depths:1 | Lost mutation: You occasionally lose the ability to drink
                  | potions when taking damage. [potion of mutation]
 79378 | Depths:1 | Lost mutation: Your spells are a little harder to cast, but
                  | a little more powerful. [potion of mutation]
 79378 | Depths:1 | Gained mutation: You have hidden genetic potential. [potion
                  | of mutation]
 79378 | Depths:1 | Gained mutation: Armour fits poorly on your strangely
                  | shaped body. [potion of mutation]
 79378 | Depths:1 | Gained mutation: You are partially covered in large bone
                  | plates. (SH +4) [potion of mutation]
 79640 | Slime:1  | Entered Level 1 of the Pits of Slime
 79776 | Slime:5  | Entered Level 5 of the Pits of Slime
 80070 | Slime:4  | Gained mutation: You occasionally lose the ability to drink
                  | potions when taking damage. [a shining eye]
 80716 | Slime:5  | Paralysed by a formless jellyfish for 1 turns
 80810 | Slime:5  | Noticed the Royal Jelly
 80843 | Slime:5  | Killed the Royal Jelly
 81230 | Slime:5  | Reached XP level 26. HP: 180/258 MP: 39/43
 81247 | Slime:5  | Got a slimy rune of Zot
 81262 | Slime:5  | Identified the +5 chain mail of Valiance {rPois Str-5 Int+5
                  | Stlth+}
 81295 | Slime:5  | Identified the +3 dagger of the Tundras {freeze, *Rage Fly
                  | MP-9 Dex+4}
 81346 | Slime:5  | Identified the staff of Blood-Lust {Str+8 Dex-5 Conj Hexes
                  | Summ Earth}
 81349 | Slime:5  | Identified the ring "Yrchop" {Fly rElec rCorr Int+3 Slay-2}
 81365 | Slime:5  | Identified the amulet "Wina" {Spirit rElec}
 81589 | Lair:4   | Lost mutation: You are partially covered in large bone
                  | plates. (SH +4) [potion of mutation]
 81589 | Lair:4   | Lost mutation: Armour fits poorly on your strangely shaped
                  | body. [potion of mutation]
 81589 | Lair:4   | Gained mutation: You are strong-willed. (Will+) [potion of
                  | mutation]
 81589 | Lair:4   | Gained mutation: You possess an exceptional clarity of
                  | mind. [potion of mutation]
 81872 | Zot:1    | Entered Level 1 of the Realm of Zot
 83585 | Zot:2    | Learned a level 4 spell: Manifold Assault
 84118 | Zot:2    | Noticed an orb of fire
 84126 | Zot:2    | Gained mutation: You sometimes lose the ability to drink
                  | potions when taking damage. [an orb of fire]
 84136 | Zot:2    | Killed an orb of fire
 85832 | Zot:3    | Found the +5 scythe "Finisher" {speed, execute}
 87043 | Zot:3    | Identified the ring "Qouguipp" {Ice Dex+4}
 87043 | Zot:3    | Identified the death talisman of Orthodoxy {rC++ Str+5
                  | Int-4}
 87043 | Zot:3    | Noticed Josephina
 87073 | Zot:3    | Killed Josephina
 87936 | Zot:4    | Reached XP level 27. HP: 214/270 MP: 31/44
 89071 | Zot:5    | Entered Level 5 of the Realm of Zot
 89246 | Zot:5    | Identified the +4 spear of Semintir {freeze, Will+ rCorr}
 89648 | Zot:5    | Noticed an ancient lich
 89656 | Zot:5    | Killed an ancient lich
 89656 | Zot:5    | Noticed an orb of fire
 89664 | Zot:5    | Killed an orb of fire
 89752 | Zot:5    | Noticed an orb of fire
 89757 | Zot:5    | Noticed an orb of fire
 89768 | Zot:5    | Noticed an ancient lich
 89781 | Zot:5    | Killed an orb of fire
 89791 | Zot:5    | Reached skill level 27 in Dodging
 89794 | Zot:5    | Killed an ancient lich
 89804 | Zot:5    | Killed an orb of fire
 89805 | Zot:5    | Reached skill level 27 in Fighting
 89822 | Zot:5    | Noticed an orb of fire
 89825 | Zot:5    | Noticed an orb of fire
 89832 | Zot:5    | Killed an orb of fire
 89839 | Zot:5    | Killed an orb of fire
 89900 | Zot:5    | Noticed an ancient lich
 89916 | Zot:5    | Killed an ancient lich
 89979 | Zot:5    | Gained mutation: You are partially covered in iridescent
                  | scales. (AC +2) [hidden potential]
 90516 | Zot:5    | Got the Orb of Zot
 90691 | Depths:3 | Noticed Roar the pandemonium lord
 90703 | Depths:3 | Killed Roar the pandemonium lord
 90867 | Depths:3 | Noticed Mis Del the pandemonium lord
 91110 | D:13     | Noticed Beast the pandemonium lord
 91263 | D:4      | Gained mutation: Your mind is acute. (Int +4, Str/Dex -1)
                  | [a cacodemon]
 91268 | D:4      | Gained mutation: Your body sometimes deteriorates upon
                  | taking damage. [a cacodemon]
 91414 | D:$      | Escaped with the Orb!

Illustrated notes

Levels and vault maps discovered:
D:1:      minmay_arrival_glassed_features, layout_loops_ring
D:2:      layout_loops_ring, basic_altar, kennysheep_generic_room_3
D:3:      layout_loops_ring, mainiacjoe_overflow_alcove_1,
          gammafunk_temple_overflow_wave, uniq_sigmund
D:4:      layout_gridville, temple_hall, uniq_menkaure, uniq_duvessa
D:5:      layout_gridville, kennysheep_mini_moat, minmay_misc_feat_plants,
          uniq_prince_ribbit1
D:6:      layout_layer_cave, lemuel_coloured_pillars_altar
D:7:      layout_basic, ebering_ghost_disaster_area, nrook_mini_backslash
D:8:      layout_basic, nicolae_overflow_hidden_temple,
          nicolae_elyvilon_temple_path, enter_bailey_7, minmay_manual_maat
D:9:      layout_cave_pools, gammafunk_temple_overflow_elements,
          lair_entry_dummy, serial_shops, shop, kennysheep_small_square
D:10:     layout_roguey, david_orc_4, serial_shops,
          nicolae_shop_advertising_works [nicolae_subvault_shop_adworks],
          uniq_amaemon
D:11:     layout_cave_pools, gauntlet_entry_generic, minmay_rotating_lava,
          uniq_erolcha, uniq_erica, uniq_sonja
D:12:     layout_roguey
D:13:     layout_basic, david_vaults_1, nicolae_yredelemnul_ghost_church,
          uniq_snorg
D:14:     layout_gridville, gammafunk_ghost_arena
D:15:     grunt_enter_depths_giant_problem, layout_irregular_city,
          chequers_jeans
Temple:   hellmonk_temple_forest_ring
Lair:1:   layout_regular_city, dpeg_stationary_puzzle, grunt_megastairs_5
Lair:2:   layout_gridlike
Lair:3:   layout_hall_layers, minmay_shoals_entry_centaurs,
          nicolae_spider_entry_tight_spaces, special_room
          [special_room_mythical_zoo], dreamdust_gnoll_shepherd,
          grunt_megastairs_1, uniq_gastronok
Lair:4:   layout_cave_pods, slime_entry_1, grunt_forest_small_clearings,
          minmay_holes
Lair:5:   minmay_lair_end_enchanted_forest, layout_layer_cave,
          nicolae_lair_yak_garden
Shoals:1: layout_shoals
Shoals:2: layout_shoals, serial_shops, shop, nicolae_shop_tiny_waterfront,
          nicolae_shop_temple_entry_statues_fountains, shop, shop, uniq_ilsuiw
Shoals:3: layout_shoals, nicolae_shoals_lost_giant_amphitheater, uniq_polyphemus
Shoals:4: shoals_end_hellmonk_holy_island
Spider:1: layout_spider_delve, uniq_mlioglotl, uniq_azrael
Spider:2: layout_chambers, hangedman_stitches_earthworm
Spider:3: layout_spider_delve
Spider:4: grunt_spider_rune_parallel, portal_ice_cave_entry_frozen_things,
          nicolae_spider_some_kinda_spiderbox
Slime:1:  layout_caves
Slime:2:  layout_caves, uniq_dissolution
Slime:3:  layout_caves, cheibrodos_slime_lost_civilization_7
Slime:4:  layout_caves, cheibrodos_slime_lost_civilization_6
Slime:5:  slime_pit_nicolae_trefoil
Orc:1:    cheibrodos_orc_bank, layout_caves, uniq_fannar, uniq_jorgrun
Orc:2:    st_orc_rangers, layout_caves, nicolae_shop_vocational
Elf:1:    eino_elf_arrival_customs, layout_onion_city,
          portal_desolation_entry_salt, hangedman_corner_corridor, uniq_agnes
Elf:2:    nicolae_elf_blades_crystal_corner, layout_gridlike
Elf:3:    minmay_elf_hall_not_hex, layout_loops_corners, serial_shops,
          nicolae_lakefront_shop, uniq_norris
Vaults:1: vaults_dpeg_hooks, st_star, vaults_dpeg_diagonal,
          vaults_room_semicircle, hangedman_vaults_capsules,
          nicolae_vaults_variable_pillar_hall, nicolae_vaults_tetromino_L_2,
          nicolae_vaults_weapon_check, nicolae_vaults_windows_and_doors_thing,
          layout_vaults_big_room, serial_shops, shop
Vaults:2: vaults_room_large_hall, hangedman_vaults_slice,
          hangedman_vaults_slice, nicolae_vaults_oval_intersection,
          hangedman_vaults_stagger, ontoclasm_vaults_pinch,
          nicolae_vaults_closet_pinwheel_2, nicolae_vaults_sealed_display,
          hangedman_vaults_restitches, v_misc_15, layout_vaults_omnigrid
Vaults:3: nicolae_vaults_hallways_thing, nicolae_vaults_quadrants,
          nicolae_vaults_big_ls, nicolae_vaults_trapezoid_lopsided_4,
          vaults_dpeg_emergency_exit, vaults_mumra_hexcomb,
          minmay_crypt_entry_simple_walls, nicolae_vaults_storage_closets_3,
          vaults_room_door_hall, grunt_vaults_focal, v_misc_33,
          nicolae_vaults_tetromino_L_1, nicolae_vaults_trapezoid_1,
          nicolae_vaults_double_plus_2, layout_vaults_omnicross
Vaults:4: nicolae_vaults_shipping_containers_3, vaults_dpeg_ring,
          nicolae_vaults_little_squares_6, v_misc_28, v_pattern_4,
          v_alt_pattern_6, nicolae_vaults_ring_of_whatevers,
          nicolae_vaults_turnstiles, ontoclasm_vaults_gateway,
          ontoclasm_vaults_loading_screen, nicolae_vaults_border_crossing,
          layout_vaults_omnibox
Vaults:5
Crypt:1:  layout_regular_city, fountainhead, roderic_lattice_octagonal_star
Crypt:2:  layout_regular_city, grunt_megastairs_3
Crypt:3:  evilmike_haunted_forest
Depths:1: layout_gridlike, abyss_entry_glasseish, gammafunk_ghost_ooze,
          grunt_mini_vestibule, minmay_crystal_water, hangedman_decor_lopped,
          minmay_tree_intersection, lemuel_angel_altar
Depths:2: nzn_winding_woodlands_stair_cross [nzn_winding_woodlands_5x15_default,
          nzn_winding_woodlands_center_pierced_h,
          nzn_winding_woodlands_5x15_crooked,
          nzn_winding_woodlands_5x5_checkerboard,
          nzn_winding_woodlands_hourglass, nzn_winding_woodlands_5x15_pool,
          nzn_winding_woodlands_center_diamonds,
          nzn_winding_woodlands_5x15_longhouse], layout_honeycomb,
          pf_vacation_house_of_asmodeus, nicolae_uskayaw_suspiria,
          rand_demon_pan_entry_3, serial_bayou_shore_b,
          infiniplex_staircase_9_rooms, uniq_asterion
Depths:3: minmay_angry_zag, layout_basic, abyss_entry, hell_entry,
          serial_sigils, serial_sigils_hangedman_carve,
          serial_sigils_hangedman_gut, serial_sigils_hangedman_confine,
          serial_sigils_hangedman_writhe, serial_sigils_hangedman_snap,
          serial_sigils_hangedman_quiver, drop_trap
Depths:4: grunt_zot_entry_bicorn, layout_honeycomb, enter_ziggurat_e,
          rand_demon_pan_entry_1, nemelex_xobeh_ov_fountains_minmay, hell_entry,
          minmay_shop_grove
Zot:1:    layout_cathedral_of_symmetry
Zot:2:    lemuel_firehouse, layout_concentric_octagons
Zot:3:    bobbens_index_wilting_gardens, layout_cathedral_of_symmetry,
          regret_index_zotdec_storm_pass, uniq_josephina
Zot:4:    lemuel_acid_trip, layout_concentric_octagons
Zot:5:    layout_gridville

Skill      XL: |  1  2  3  4  5  6  7  8  9 10 11 12 13 14 15 16 17 18 19 20 21 22 23 24 25 26 27 |
---------------+----------------------------------------------------------------------------------+-----
Conjurations   | 1 2 3 4 5 |  5.0
Spellcasting   | 2 3 4 5 6 7 8 10 11 12 | 12.0
Alchemy        | 3 4 5 6 7 8 9 10 11 12 | 12.0
Fighting       | 1 2 3 4 5 6 8 11 13 14 15 16 17 19 20 21 22 23 25 26 27 | 27.0
Dodging        | 2 3 4 5 6 8 9 10 12 14 15 16 17 19 20 21 22 23 24 26 27 | 27.0
Air Magic      | 1 2 3 4 5 |  5.0
Long Blades    | 3 4 6 8 10 11 13 14 16 17 | 17.9
Fire Magic     | 1 2 3 4 |  4.0
Shields        | 1 2 3 5 7 |  7.8
Stealth        | 2 3 4 5 8 10 12 | 12.0
Evocations     | 2 4 6 |  6.0
Ice Magic      | 1 7 10 11 | 11.0
Translocations | 2 3 5 7 |  7.8
Hexes          | 4 |  4.0
Earth Magic    | 2 |  2.0

Action                     |  1- 3 |  4- 6 |  7- 9 | 10-12 | 13-15 | 16-18 | 19-21 | 22-24 | 25-27 || total
---------------------------+-------+-------+-------+-------+-------+-------+-------+-------+-------++-------
  Melee: Dagger            |    69 |    53 |       |       |     1 |       |     1 |     2 |    10 ||   136
         Unarmed           |     2 |       |       |       |       |       |       |       |       ||     2
         Punch             |     1 |     1 |       |       |       |       |       |       |       ||     2
         Long sword        |       |       |    51 |   117 |       |       |       |       |       ||   168
         Scimitar          |       |       |       |   254 |   462 |  1384 |  1194 |       |       ||  3294
         Double sword      |       |       |       |       |       |       |   433 |  2152 |  2302 ||  4887
         Eudemon blade     |       |       |       |       |       |       |       |       |    28 ||    28
   Fire: Shortbow          |       |    10 |   110 |    28 |       |       |       |       |       ||   148
  Throw: Dart              |       |       |       |       |       |       |     1 |       |     1 ||     2
   Cast: Sting             |    44 |    30 |    82 |    48 |     1 |       |       |       |       ||   205
         Mercury Vapours   |    11 |    19 |    68 |    97 |    29 |   131 |    77 |     3 |     2 ||   437
         Sticky Flame      |       |       |    14 |    35 |    23 |    78 |    48 |     2 |       ||   200
         Olgreb's Toxic Ra |       |       |     5 |    42 |    53 |   130 |   141 |    36 |    22 ||   429
         Fulminant Prism   |       |       |     1 |    12 |     1 |       |     7 |       |       ||    21
         Mephitic Cloud    |       |       |       |    13 |     2 |    10 |     7 |       |       ||    32
         Ozocubu's Armour  |       |       |       |       |     8 |    66 |    56 |     5 |     3 ||   138
         Sculpt Simulacrum |       |       |       |       |       |    20 |    14 |       |     2 ||    36
         Apportation       |       |       |       |       |       |     1 |     2 |     2 |     4 ||     9
         Freezing Cloud    |       |       |       |       |       |       |    37 |    25 |    13 ||    75
         Blink             |       |       |       |       |       |       |     1 |    20 |     5 ||    26
         Eringya's Noxious |       |       |       |       |       |       |       |    16 |    10 ||    26
         Yara's Violent Un |       |       |       |       |       |       |       |     2 |     1 ||     3
         Lesser Beckoning  |       |       |       |       |       |       |       |    25 |    62 ||    87
         Manifold Assault  |       |       |       |       |       |       |       |       |    16 ||    16
         Passwall          |       |       |       |       |       |       |       |       |     2 ||     2
  Evoke: Wand              |       |       |     7 |       |     3 |     5 |    13 |     1 |     2 ||    31
         Condenser vane    |       |       |       |     1 |       |       |       |       |       ||     1
    Use: Scroll            |       |     1 |     5 |    14 |     6 |     2 |    12 |     5 |    16 ||    61
         Potion            |       |       |     1 |     3 |     2 |     4 |     2 |     2 |    17 ||    31
   Stab: Sleeping          |     3 |     1 |       |       |     7 |    13 |    21 |    26 |    20 ||    91
         Confused          |       |       |       |     8 |     4 |     4 |    12 |    45 |    51 ||   124
         Distracted        |       |       |       |     1 |     1 |     5 |     7 |    14 |    23 ||    51
         Petrified         |       |       |       |       |     3 |       |       |     4 |     6 ||    13
         Invisible         |       |       |       |       |       |     1 |       |       |       ||     1
         Petrifying        |       |       |       |       |       |       |       |    10 |     8 ||    18
         Paralysed         |       |       |       |       |       |       |       |     4 |    16 ||    20
 Armour: Robe              |    49 |    48 |   153 |   235 |   147 |   539 |       |       |       ||  1171
         Leather armour    |       |       |       |       |       |    19 |   200 |       |       ||   219
         Animal skin       |       |       |       |       |       |       |   340 |   419 |   492 ||  1251
  Dodge: Dodged            |    49 |    54 |   151 |   313 |   430 |  1893 |  1673 |  2071 |  2666 ||  9300
  Block: Buckler           |       |       |       |   159 |   188 |   756 |   710 |   840 |  1069 ||  3722
